 Dungeon Crawl Stone Soup version 0.31.0-9-g3a7656b989 (webtiles) character file.

Game seed: 13519176564064058785

182 Glamhuggeren the Changeling (level 5, -1/67 HPs)
             Began as a Draconian Shapeshifter on Feb 2, 2024.
             Was an Initiate of Nemelex Xobeh.
             Slain by Duvessa
             ... wielding a +0 short sword
              (10 damage)
             ... on level 4 of the Dungeon.
             The game lasted 00:07:05 (2695 turns).

Glamhuggeren the Changeling (DrSh)                  Turns: 2695, Time: 00:07:05

Health: -1/67      AC: 22    Str: 22    XL:     5   Next: 35%
Magic:  4/6        EV:  2    Int: 11    God:    Nemelex Xobeh [......]
Gold:   95         SH:  0    Dex: 12    Spells: 4/4 levels left

rFire   . .          .
                       - Unarmed
rCold   . . .        (no shield)
rNeg    . . .        (body armour unavailable)
rPois   +            (helmet currently unavailable)
rElec   .            (cloak currently unavailable)
rCorr   .            (gloves currently unavailable)
SInv    .            (boots currently unavailable)
Will    .....        (no amulet)
Stlth   +            g - +6 ring of strength
HPRegen 0.31/turn    (no ring)
MPRegen 0.10/turn

%: no passive effects
@: tree-form
A: stationary, stasis, torment immunity, boosted hp, AC +5, unfitting armour,
(cold-blooded)
a: Renounce Religion, Draw Escape, Draw Destruction, Draw Summoning


You were on level 4 of the Dungeon.
You worshipped Nemelex Xobeh.
Nemelex Xobeh was noncommittal.
You were a tree.
You visited 1 branch of the dungeon, and saw 4 of its levels.

You collected 95 gold pieces.

Inventory:

Missiles
 d - 44 stones (quivered)
 e - 2 poisoned darts
 v - 3 javelins
Armour
 m - a +0 pair of boots
Jewellery
 g - a +6 ring of strength (left branch)
 n - a ring of flight
 o - an amulet of magic regeneration
 p - an amulet of faith
Talismans
 b - a beast talisman (active)
 c - a flux talisman
Wands
 x - a wand of flame (17)
Scrolls
 h - 3 scrolls of teleportation
 i - 2 scrolls of fear {unknown}
 k - 3 scrolls of identify
 q - a scroll of blinking {unknown}
 s - 3 scrolls of amnesia {unknown}
 t - a scroll of vulnerability {unknown}
 u - a scroll of torment {unknown}
 w - 2 scrolls of enchant armour {unknown}
 y - a scroll of noise {unknown}
 z - a scroll of enchant weapon {unknown}
Potions
 f - a potion of might {unknown}
 j - a potion of resistance {unknown}
 l - 2 potions of curing
 r - 2 potions of degeneration
 A - a potion of heal wounds {unknown}
 B - a potion of berserk rage {unknown}


   Skills:
 + Level 3.5 Fighting
 - Level 2.0 Dodging
 - Level 3.0 Unarmed Combat
 + Level 1.6 Invocations
 * Level 4.5 Shapeshifting


You had 4 spell levels left.
You didn't know any spells.
Your spell library contained the following spells:

 Spells                   Type           Power      Damage    Failure   Level
 Gell's Gravitas          Tloc           0%         N/A       71%         3
 Teleport Other           Tloc           0%         N/A       71%         3
 Dispersal                Tloc           0%         N/A       100%        6


Dungeon Overview and Level Annotations

Branches:
Dungeon (4/15)
 Temple: D:4-7

Altars:
Elyvilon
Nemelex Xobeh
Uskayaw

Annotations:
D:4 Duvessa


Innate Abilities, Weirdness & Mutations

You are a tree.
Your roots penetrate the ground, keeping you stationary.
You cannot be teleported.
You are immune to unholy pain and torment.
Your maximum health is greatly increased.
Your equipment is partially melded.
((Your plain brown scales are hard. (AC +5)))
You cannot fit into any form of body armour.
((You are cold-blooded and may be slowed by cold attacks.))


Message History

Dowan is heavily wounded.
Dowan hits you with a +0 dagger.
You hit Dowan.
Dowan is heavily wounded.
Dowan closely misses you.
You closely miss Dowan.
Dowan is heavily wounded.
Dowan hits you with a +0 dagger.
You hit Dowan.
Dowan is heavily wounded.
Dowan hits you with a +0 dagger.
You hit Dowan.
Dowan is almost dead.
Dowan casts a spell at you. The puff of frost hits you!
You punch Dowan!
You kill Dowan!
Duvessa weeps, and shakes her weapon.
Duvessa goes berserk!
You have reached level 5!
It was a potion of curing.
You feel better. Duvessa hits you with a +0 short sword!
You hit Duvessa.
Duvessa is lightly wounded.
Duvessa barely misses you. Duvessa hits you with a +0 short sword!
You barely miss Duvessa.
Duvessa is lightly wounded.
Duvessa misses you.
Your transformation has ended.
You turn into a tree.
Your roots penetrate the ground.
Duvessa hits you with a +0 short sword!
* * * LOW HITPOINT WARNING * * *
Duvessa hits you with a +0 short sword.
* * * LOW HITPOINT WARNING * * *
Okay, then.
You smack Duvessa!
Duvessa is moderately wounded.
Duvessa hits you with a +0 short sword!
You die...
Your body disappears without a glow.

#.........[.
#.....###### ##...##
#...# #...# #...#####
##<......# ####
#####..e...###
...#######......♣>###
.............>.$...#
..........####..##.#
......#..## #..# #.#
##..###..# ##.# #.#
#### ##.# #!# #.# #.#
#.# #.. #.# #.# #.
..#


You could see Duvessa (berserk).

Vanquished Creatures
  A scorpion (D:3)
  Dowan (D:4)
  An adder (D:2)
  4 dart slugs
  2 ribbon worms (D:2)
  8 ball pythons
  2 endoplasms (D:3)
  2 giant cockroaches
  7 goblins
  4 hobgoblins
  2 jackals (D:1)
  5 kobolds
  3 quokkas (D:2)
  2 bats
  A frilled lizard (D:1)
  3 rats (D:1)
48 creatures vanquished.

Notes
Turn   | Place    | Note
-------+----------+-------------------------------------------
     0 | D:1      | Glamhuggeren the Draconian Shapeshifter began the quest for
                  | the Orb.
     0 | D:1      | Reached XP level 1. HP: 16/16 MP: 1/1
   185 | D:1      | Reached XP level 2. HP: 24/24 MP: 2/2
   645 | D:1      | Reached XP level 3. HP: 10/30 MP: 3/3
  1873 | D:3      | Found a white marble altar of Elyvilon.
  2173 | D:3      | Found a sparkling altar of Nemelex Xobeh.
  2178 | D:3      | Found a hide-covered altar of Uskayaw.
  2187 | D:3      | Became a worshipper of Nemelex Xobeh the Trickster
  2357 | D:4      | Noticed a scorpion
  2411 | D:4      | Noticed Duvessa
  2411 | D:4      | Noticed Dowan
  2469 | D:4      | Reached XP level 4. HP: 38/38 MP: 4/4
  2593 | D:3      | Killed a scorpion
  2594 | D:3      | Reached skill level 1 in Invocations
  2594 | D:3      | Reached skill level 4 in Shapeshifting
  2690 | D:4      | Killed Dowan
  2691 | D:4      | Reached XP level 5. HP: 25/45 MP: 4/6
  2695 | D:4      | Slain by Duvessa

Illustrated notes

Levels and vault maps discovered:
D:1:      dpeg_arrival_line_fractal, layout_loops_corners,
          hangedman_decor_peaks_small
D:2:      layout_loops_corners
D:3:      layout_basic, mainiacjoe_overflow_big_doors,
          mainiacjoe_overflow_cross_hatched
D:4:      layout_layer_cave, jmf_multi_god_temple, uniq_duvessa

Skill      XL: |  1  2  3  4 |
---------------+-------------+-----
Dodging        | 2 |  2.0
Fighting       | 2 3 |  3.5
Invocations    | 1 |  1.6
Shapeshifting  | 4 |  4.5
Unarmed Combat | |  3.0

Action                     |  1- 3 |  4- 6 || total
---------------------------+-------+-------++-------
  Melee: Unarmed           |   109 |    27 ||   136
         Tailslap          |    14 |     2 ||    16
         Punch             |     1 |       ||     1
Ability: Begin Untransform |     1 |       ||     1
    Use: Scroll            |     2 |       ||     2
         Potion            |       |     2 ||     2
   Stab: Sleeping          |     2 |       ||     2
 Armour: Skin              |    49 |    20 ||    69
  Dodge: Dodged            |    67 |    14 ||    81
   Form: Beast             |     1 |       ||     1
